 Dungeon Crawl Stone Soup version 0.21.1-1-g345015f (webtiles) character file.

12299 troglodite the Blocker (level 11, -4/89 HPs)
             Began as a Demonspawn Berserker on Feb 5, 2018.
             Was the Champion of Trog.
             Slain by an orc warrior
             ... wielding a +0 glaive
              (10 damage)
             ... while paralysed by an orc sorcerer
             ... on level 2 of the Orcish Mines.
             The game lasted 00:57:12 (13928 turns).

troglodite the Blocker (Demonspawn Berserker)      Turns: 13928, Time: 00:57:13

Health: -4/89      AC: 19    Str: 21    XL:     11   Next: 60%
Magic:  11/11      EV:  2    Int:  8    God:    Trog [******]
Gold:   936        SH:  0    Dex: 19    Spells: 10/10 levels left

rFire    . . .     SeeInvis +   N - +6 trident of Causality {chaos, Stlth+}
rCold    . . .     Gourm    .   o - +1 large shield
rNeg     + . .     Faith    +   g - +0 plate armour
rPois    .         Spirit   .   (helmet restricted)
rElec    +         Reflect  .   k - scarf {repulsion}
rCorr    .         Harm     .   t - +1 pair of gloves of Yreph {rElec Dex+3 SInv}
MR       .....                  (no boots)
Stlth    ..........             x - amulet of Law {Faith Str+3}
HPRegen  0.24/turn              l - ring of positive energy
MPRegen  0.12/turn              d - +1 ring of protection

@: paralysed, lethally poisoned (-4 -> -4), about to teleport, berserk cooldown,
slowed, repel missiles
A: horns 2, rugged brown scales 2, camouflage 1, demonic guardian 1, foul stench
1, shaggy fur 1, rot immunity
a: Berserk, Trog's Hand, Brothers in Arms, Burn Spellbooks, Renounce Religion


You were on level 2 of the Orcish Mines.
You worshipped Trog.
Trog was exalted by your worship.
You were very hungry.

You visited 2 branches of the dungeon, and saw 11 of its levels.
You also visited: Labyrinth, Sewer and Ossuary.

You collected 1221 gold pieces.
You spent 285 gold pieces at shops.

Inventory:

Hand Weapons
 a - a +6 antimagic double sword
 G - the cursed +3 arbalest of Laceration {freeze, Str+3, unknown}
   (You took it off a minotaur in a labyrinth)

   It causes projectiles fired from it to freeze those they strike, causing
   extra injury to most foes and up to half again as much damage against
   particularly susceptible opponents.
   They can also slow down cold-blooded creatures.
   It affects your strength (+3).
   It has a curse placed upon it.
 M - a +4 long sword
 N - the +6 trident of Causality (weapon) {chaos, Stlth+}
   (You found it on level 9 of the Dungeon)

   Each time it hits an enemy it has a different, random effect.
   It makes you more stealthy.
Armour
 g - a +0 plate armour (worn)
 k - a scarf of repulsion (worn)
 o - a +1 large shield (worn)
 t - the +1 pair of gloves of Yreph (worn) {rElec Dex+3 SInv}
   (You bought it in a shop on level 6 of the Dungeon)

   It affects your dexterity (+3).
   It insulates you from electricity.
   It lets you see invisible.
Jewellery
 d - a +1 ring of protection (right hand)
 i - an uncursed amulet of regeneration
 l - a ring of positive energy (left hand)
 w - a +5 amulet of reflection
 x - the amulet of Law (around neck) {Faith Str+3}
   (You found it on level 6 of the Dungeon)

   [amulet of faith]

   It allows you to gain divine favour quickly.
   It affects your strength (+3).
 I - an uncursed ring of magical power
 T - a cursed amulet of inaccuracy {unknown}
Wands
 y - a wand of acid (6)
 A - a wand of flame (25)
 B - a wand of scattershot (4)
 K - a wand of paralysis (13)
 L - a wand of enslavement (11)
 O - a wand of iceblast (18)
 S - a wand of digging (13)
Scrolls
 f - 6 scrolls of remove curse
 j - 2 scrolls of fear
 m - 2 scrolls of enchant armour
 D - 3 scrolls of teleportation
 E - 4 scrolls of fog
 H - 2 scrolls of immolation
 Q - a scroll of enchant weapon {unknown}
Potions
 b - 4 potions of curing
 e - a potion of haste
 h - 6 potions of lignification
 n - a potion of resistance
 p - 2 potions of magic {unknown}
 q - 2 potions of mutation
 r - 2 potions of berserk rage {unknown}
 s - 3 potions of heal wounds
 u - 6 potions of agility
 v - a potion of ambrosia {unknown}
 z - a potion of invisibility {unknown}
 C - a potion of brilliance {unknown}
 F - 2 potions of flight {unknown}
Comestibles
 c - 11 rations
 J - a chunk of flesh


   Skills:
 * Level 7.7 Fighting
 + Level 7.1 Long Blades
 + Level 4.4 Polearms
 * Level 7.5 Armour
 * Level 6.8 Dodging
 + Level 2.3 Stealth
 * Level 9.2 Shields


You had 10 spell levels left.
You didn't know any spells.

Dungeon Overview and Level Annotations

Branches:
Dungeon (9/15)             Temple (0/1) D:7            Lair (0/6) D:8
    Orc (2/2) D:9             Elf (0/3) Orc:2

Altars:
Fedhas
Kikubaaqudgha
Uskayaw
Xom
Yredelemnul
The Shining One

Shops:
D:6 [   D:9 ?


Innate Abilities, Weirdness & Mutations

You have a pair of horns on your head.
You are mostly covered in rugged brown scales. (AC +2, +5% HP)
A weak demonic guardian rushes to your aid.
You may emit foul miasma when damaged in melee.
You are immune to rotting.
Your skin changes colour to match your surroundings (Stealth+).
You are covered in fur. (AC +1)


Message History

Your deep troll bites the orc sorcerer.
Your deep troll barely misses the orc sorcerer.
Your deep troll claws the orc sorcerer.
The orc sorcerer points at you and mumbles some strange words.
You suddenly lose the ability to move!
The orange demon stings you from afar!
* * * LOW HITPOINT WARNING * * *
The orc warrior hits you from afar with a glaive.
* * * LOW HITPOINT WARNING * * *
Your deep troll misses the orc sorcerer.
Your deep troll closely misses the orc sorcerer.
Your deep troll claws the orc sorcerer!
The orc sorcerer casts a spell at you.
You shrug off the repeated paralysis!
The orange demon stings you but does no damage.
Your deep troll bites the orc sorcerer.
Your deep troll claws the orc sorcerer. x2
The orc sorcerer dies!
Trog accepts your kill.
Trog appreciates your killing of a magic user.
The orc warrior hits you from afar with a glaive!
You die...

##### ##.#...o.#..#
###...## ##...........
##......##
#...#...#o))##
#.o÷.)...## #.....#
#.... #....# #.....#
#.... ##...## ###....#
##...
#..oo#####..#...#####...
##.oo4##................
#..oo)@.).)............
#..3o4T.###.###.....#..
#.....### ####.....####
#....## ##..[..###
#....# ####.)[....##
###### ###..[.([....##
##..)[.([.....#.
#..[∩)...#.#...#
##..#[(...#...##


You could see an orc knight, an orc high priest, an orange demon, a smoke demon,
a chaos spawn, an orc sorcerer, 2 orc warriors, 2 orcs and a friendly deep troll
(berserk).

Vanquished Creatures
  A minotaur (Lab)
  2 orc knights (Orc:2)
  3 orc sorcerers
  A gargoyle (D:9)
  A troll (D:9)
  Prince Ribbit (D:5)
  A hippogriff (D:8)
  5 yaks (D:9)
  A spriggan (D:8)
  3 wraiths (Orc:2)
  A wyvern (D:9)
  3 ice beasts
  18 orc warriors
  A black bear (D:8)
  3 ogres
  2 centaurs
  3 big kobolds
  A bullfrog (D:9)
  A gnoll sergeant (D:8)
  5 killer bees
  10 wights
  2 electric eels
  6 crimson imps
  3 bullfrog zombies
  A quasit (D:9)
  2 centaur skeletons
  A gnoll shaman (D:5)
  A jelly (D:5)
  12 orc priests
  A hound (D:5)
  20 orc wizards
  2 bullfrog skeletons (D:7)
  3 iguanas
  5 worker ants
  A hound zombie (D:9)
  2 hound skeletons
  11 mummies (Ossuary)
  11 gnolls
  11 adders
  A river rat (Sewer)
  A shadow imp (D:9)
  An ooze (Sewer)
  2 adder skeletons
  5 worms
  3 dart slugs
  11 leopard geckos
  56 orcs
  2 bats
  2 bat zombies (D:7)
  6 giant cockroaches
  6 goblins
  8 hobgoblins
  7 jackals
  3 quokkas
  6 ball pythons
  A ball python skeleton (D:5)
  7 frilled lizards
  2 gnoll skeletons (Ossuary)
  2 goblin skeletons (Ossuary)
  A jackal skeleton (D:4)
  17 kobolds
  4 orc skeletons (Ossuary)
  A quokka skeleton (D:8)
  7 rats
  11 rat skeletons (Ossuary)
  4 rat zombies (D:7)
339 creatures vanquished.

Vanquished Creatures (collateral kills)
  Josephine (Orc:2)
  Sonja (Orc:2)
  An orc sorcerer (Orc:2)
  An orc warrior (D:9)
  2 ogres
  A necrophage (D:7)
  2 scorpions (D:5)
  A wight (D:6)
  3 orc wizards
  2 gnolls
  6 orcs
  A frilled lizard (D:2)
22 creatures vanquished.

Vanquished Creatures (others)
  A plant (D:8)
1 creature vanquished.

Grand Total: 362 creatures vanquished

Notes
Turn   | Place    | Note
-------+----------+-------------------------------------------
     0 | D:1      | troglodite the Demonspawn Berserker began the quest for the Orb.
     0 | D:1      | Reached XP level 1. HP: 18/18 MP: 1/1
   133 | D:1      | Gained mutation: A weak demonic guardian rushes to your aid. [demonic ancestry]
   133 | D:1      | Reached XP level 2. HP: 24/24 MP: 2/2
   608 | D:2      | Gained mutation: You are immune to rotting. [demonic ancestry]
   608 | D:2      | Reached XP level 3. HP: 29/29 MP: 3/3
   683 | D:2      | Reached ** piety under Trog
   731 | D:2      | Reached XP level 4. HP: 29/37 MP: 4/4
  1936 | D:3      | Gained mutation: You may emit foul miasma when damaged in melee. [demonic ancestry]
  1936 | D:3      | Reached XP level 5. HP: 28/42 MP: 5/5
  2322 | D:3      | Found a faded altar of an unknown god.
  3136 | D:3      | Found a shimmering altar of Xom.
  3136 | D:3      | Found a faded altar of an unknown god.
  3142 | D:3      | Found a basalt altar of Yredelemnul.
  3144 | D:3      | Found a glowing golden altar of the Shining One.
  3146 | D:3      | Found a faded altar of an unknown god.
  3262 | D:4      | Reached skill level 1 in Shields
  3264 | D:4      | Noticed an ogre
  3305 | D:4      | Killed an ogre
  3743 | D:4      | Reached XP level 6. HP: 48/48 MP: 6/6
  4086 | D:5      | Entered Level 5 of the Dungeon
  4271 | D:5      | Reached skill level 2 in Shields
  4280 | D:5      | Reached *** piety under Trog
  4316 | D:5      | Found a sand-covered staircase.
  4324 | Ossuary  | Entered an ossuary
  4594 | Ossuary  | Gained mutation: You are partially covered in rugged brown scales. (AC +1, +3% HP) [demonic ancestry]
  4594 | Ossuary  | Reached XP level 7. HP: 49/56 MP: 7/7
  5096 | D:5      | Noticed Prince Ribbit
  5106 | D:5      | Killed Prince Ribbit
  5106 | D:5      | Reached skill level 3 in Shields
  5224 | D:5      | Reached **** piety under Trog
  5364 | D:5      | Received a gift from Trog
  6091 | D:6      | Identified a scroll of acquirement
  6118 | D:6      | Got a flickering lead amulet
  6120 | D:6      | Identified the amulet of Law {Faith Str+3} (You found it on level 6 of the Dungeon)
  6136 | D:6      | Gained mutation: You have a pair of small horns on your head. [demonic ancestry]
  6136 | D:6      | Reached XP level 8. HP: 62/62 MP: 8/8
  6336 | D:6      | Found a glowing drain.
  6342 | Sewer    | Entered a sewer
  6378 | Sewer    | Reached skill level 5 in Fighting
  6378 | Sewer    | Reached skill level 4 in Shields
  6987 | D:6      | Reached skill level 5 in Armour
  7100 | D:6      | Reached skill level 5 in Long Blades
  7295 | D:6      | Found Sumuis's Antique Armour Shoppe.
  7874 | D:6      | Bought a pair of dazzling gloves for 285 gold pieces
  7879 | D:6      | Identified the +1 pair of gloves of Yreph {rElec Dex+3 SInv} (You bought it in a shop on level 6 of the Dungeon)
  7909 | D:7      | Reached skill level 5 in Shields
  8115 | D:6      | Reached skill level 1 in Stealth
  8438 | D:6      | Gained mutation: You are mostly covered in rugged brown scales. (AC +2, +5% HP) [demonic ancestry]
  8438 | D:6      | Reached XP level 9. HP: 61/72 MP: 9/9
  8490 | D:6      | Reached ***** piety under Trog
  8717 | D:7      | Found a staircase to the Ecumenical Temple.
  8737 | D:7      | Received a gift from Trog
  9016 | D:7      | Found an ancient bone altar of Kikubaaqudgha.
  9245 | D:8      | Reached skill level 5 in Dodging
  9245 | D:8      | Reached skill level 6 in Shields
  9356 | D:8      | Found a blossoming altar of Fedhas.
  9370 | D:8      | Found a staircase to the Lair.
  9505 | D:8      | Found a hide-covered altar of Uskayaw.
  9881 | D:9      | Received a gift from Trog
  9930 | D:9      | Found Weem's Magic Scroll Emporium.
  9950 | D:9      | Noticed a troll
  9954 | D:9      | Gained mutation: You have a pair of horns on your head. [demonic ancestry]
  9954 | D:9      | Reached XP level 10. HP: 68/80 MP: 3/10
 10024 | D:9      | Reached skill level 7 in Shields
 10062 | D:9      | Got a bloodstained great sword
 10067 | D:9      | Got a polished trident
 10092 | D:9      | Identified the +6 trident of Causality {chaos, Stlth+} (You found it on level 9 of the Dungeon)
 10452 | D:9      | Noticed a gargoyle
 10464 | D:9      | Killed a gargoyle
 10523 | D:9      | Reached skill level 1 in Polearms
 10726 | D:9      | Found a staircase to the Orcish Mines.
 10767 | Orc:1    | Entered Level 1 of the Orcish Mines
 10767 | Orc:1    | Noticed an orc sorcerer
 10769 | Orc:1    | Noticed an orc sorcerer
 10937 | Orc:1    | Noticed an orange demon
 11012 | D:9      | Killed an orc sorcerer
 11096 | Orc:1    | Killed an orc sorcerer
 11231 | Orc:2    | Entered Level 2 of the Orcish Mines
 11231 | Orc:2    | Found a staircase to the Elven Halls.
 11233 | Orc:2    | Found a labyrinth entrance.
 11243 | Lab      | Entered a labyrinth
 12143 | Lab      | Noticed a minotaur
 12152 | Lab      | Killed a minotaur
 12152 | Lab      | Reached XP level 11. HP: 88/88 MP: 11/11
 12158 | Lab      | Got a fine arbalest {freeze}
 12160 | Lab      | Identified Faifyice's Handbook of Unholy Magic and Shape Shifting
 12182 | Lab      | Gained mutation: Your skin changes colour to match your surroundings (Stealth+). [potion of mutation]
 12182 | Lab      | Gained mutation: You are covered in fur. (AC +1) [potion of mutation]
 12245 | Orc:2    | Reached skill level 8 in Shields
 12605 | Orc:2    | Noticed Josephine
 12613 | Orc:2    | Killed Josephine
 12625 | Orc:2    | Reached ****** piety under Trog
 12696 | Orc:2    | Noticed an orc knight
 12736 | Orc:2    | Killed an orc knight
 12991 | Orc:1    | Received a gift from Trog
 13397 | Orc:2    | Noticed Sonja
 13412 | Orc:2    | Killed Sonja
 13412 | Orc:2    | Reached skill level 9 in Shields
 13549 | Orc:2    | Noticed an orc sorcerer
 13559 | Orc:2    | Killed an orc sorcerer
 13893 | Orc:2    | Noticed an orc knight
 13900 | Orc:2    | Noticed an orc high priest
 13907 | Orc:2    | Killed an orc knight
 13918 | Orc:2    | Noticed an orc knight
 13919 | Orc:2    | Noticed a sun demon
 13920 | Orc:2    | Noticed an orc sorcerer
 13922 | Orc:2    | Noticed an orc sorcerer
 13927 | Orc:2    | Paralysed by an orc sorcerer for 4 turns
 13928 | Orc:2    | Killed an orc sorcerer
 13928 | Orc:2    | Slain by an orc warrior

Skill      XL: |  1  2  3  4  5  6  7  8  9 10 11 |
---------------+----------------------------------+-----
Long Blades    | 3 4 5 6 7 |  7.1
Dodging        | 2 3 4 5 6 |  6.8
Armour         | 2 3 4 5 6 7 |  7.5
Fighting       | 4 5 6 7 |  7.7
Shields        | 1 2 3 5 6 7 9 |  9.2
Stealth        | 1 2 |  2.3
Polearms       | 3 4 |  4.4

Action                   |  1- 3 |  4- 6 |  7- 9 | 10-12 || total
-------------------------+-------+-------+-------+-------++-------
Melee: Falchion          |    78 |   367 |   370 |       ||   815
       Scimitar          |       |       |   211 |       ||   211
       Headbutt          |       |       |   107 |    89 ||   196
       Double sword      |       |       |    20 |    41 ||    61
       Long sword        |       |       |    11 |       ||    11
       Trident           |       |       |       |   309 ||   309
Invok: Berserk           |     2 |     3 |     6 |     9 ||    20
       Burn Spellbooks   |       |       |     1 |     1 ||     2
       Trog's Hand       |       |       |     1 |       ||     1
       Brothers in Arms  |       |       |       |     2 ||     2
  Use: Scroll            |       |     9 |     4 |     3 ||    16
       Potion            |       |       |       |     4 ||     4
 Stab: Distracted        |       |       |     3 |     2 ||     5
       Petrified         |       |       |       |     7 ||     7
       Paralysed         |       |       |       |     4 ||     4
       Petrifying        |       |       |       |     1 ||     1
  Eat: Chunk             |       |    16 |    15 |    11 ||    42
       Ration            |       |       |     3 |     3 ||     6
Armor: Plate armour      |    58 |   204 |   303 |   157 ||   722
       Animal skin       |     3 |       |       |       ||     3
Dodge: Dodged            |    33 |    46 |    83 |    63 ||   225
       Deflected         |       |       |     1 |     3 ||     4
Block: Large shield      |       |   124 |   594 |   368 ||  1086
       Rpst.: Falchion   |    12 |    13 |    13 |       ||    38
       Scimitar          |       |       |    16 |       ||    16
       Long sword        |       |       |     2 |       ||     2
       Double sword      |       |       |       |     2 ||     2
